 Dungeon Crawl Stone Soup version 0.20.1-1-g8b1a95d (webtiles) character file.

459 Mesmaeker13 the Ruffian (level 6, -7/47 HPs)
             Began as a Draconian Transmuter on Aug 26, 2017.
             Was a Follower of Cheibriados.
             Mangled by Mesmaeker13's ghost (11 damage)
             ... on level 4 of the Dungeon.
             The game lasted 00:08:16 (4887 turns).

Mesmaeker13 the Ruffian (Draconian Transmuter)      Turns: 4887, Time: 00:08:17

Health: -7/47      AC:  6    Str: 16    XL:     6   Next: 78%
Magic:  9/9        EV: 13    Int: 18    God:    Cheibriados [*.....]
Gold:   171        SH:  0    Dex: 14    Spells: 6/9 levels left

rFire    + . .     SeeInvis .     - Unarmed
rCold    . . .     Gourm    .   (no shield)
rNeg     . . .     Faith    .   (armour unavailable)
rPois    .         Spirit   .   (helmet restricted)
rElec    .         Reflect  .   (no cloak)
rCorr    .         Harm     .   (no gloves)
MR       .....                  (no boots)
Stlth    +.........             (no amulet)
Regen    0.2/turn               s - ring of protection from fire
MPRegen  0.2/turn               (no ring)

@: drained, very slow
A: unfitting armour, cold-blooded, AC +6
a: Bend Time, Renounce Religion


You were on level 4 of the Dungeon.
You worshipped Cheibriados.
Cheibriados was aware of your devotion.
You were not hungry.

You visited 1 branch of the dungeon, and saw 4 of its levels.

You collected 171 gold pieces.

Inventory:

Missiles
 a - 26 arrows
Armour
 t - a +0 buckler
Jewellery
 s - a ring of protection from fire (left hand)
Wands
 g - a wand of flame (31/48)
 w - a wand of polymorph (14/24)
Scrolls
 e - a scroll of amnesia
 f - 2 scrolls of enchant armour
 i - a scroll of enchant weapon {unknown}
 l - a scroll of random uselessness {unknown}
 q - a scroll of fog {unknown}
 r - 2 scrolls of fear
Potions
 d - a potion of haste {unknown}
 h - 2 potions of curing
 j - a potion of heal wounds {unknown}
 k - a potion of mutation {unknown}
 n - 2 potions of flight {unknown}
 o - a potion of invisibility {unknown}
 p - a potion of berserk rage {unknown}
Books
 b - a book of Changes

   Spells                             Type                      Level
   a - Beastly Appendage              Transmutation                1
   b - Sticks to Snakes               Transmutation                2
   c - Spider Form                    Transmutation/Poison         3
   d - Ice Form                       Ice/Transmutation            4
   e - Blade Hands                    Transmutation                5
Comestibles
 c - 2 bread rations
 m - 2 meat rations
 u - a royal jelly
 v - a chunk of flesh


   Skills:
 - Level 1.1(0.6) Fighting
 + Level 4.0(3.5) Dodging
 + Level 5.0(4.5) Unarmed Combat
 - Level 2.0(1.5) Spellcasting
 + Level 4.4(4.0) Transmutations
 + Level 0.9(0.5) Invocations


You had 6 spell levels left.
You knew the following spells:

 Your Spells              Type           Power        Failure   Level  Hunger
a - Beastly Appendage     Tmut           ###...       3%          1    ##.....
b - Sticks to Snakes      Tmut           ###.....     5%          2    ###....


Dungeon Overview and Level Annotations

Branches:
Dungeon (4/15)
 Temple: D:4-7

Altars:
Cheibriados
Ru
Sif Muna
Uskayaw
Yredelemnul

Annotations:
D:4 Mesmaeker13's ghost, amateur DrSk


Innate Abilities, Weirdness & Mutations

Your plain brown scales are hard. (AC +6)
You cannot fit into any form of body armour.
You are cold-blooded and may be slowed by cold attacks.


Message History

Mesmaeker13's ghost is too close now for your liking.
Your talons disappear.
Mesmaeker13's ghost wails, "You will never get the ORB!"
Mesmaeker13's ghost misses you. Mesmaeker13's ghost hits you!
Mesmaeker13's ghost closely misses you. Mesmaeker13's ghost closely misses you.
Mesmaeker13's ghost barely misses you. Mesmaeker13's ghost hits you!
Mesmaeker13's ghost whispers, "The ORB doesn't exist."
Mesmaeker13's ghost misses you. Mesmaeker13's ghost closely misses you.
Mesmaeker13's ghost misses you. Mesmaeker13's ghost hits you!
* * * LOW HITPOINT WARNING * * *
Mesmaeker13's ghost hits you!
* * * LOW HITPOINT WARNING * * *
Mesmaeker13's ghost hits you but does no damage.
Mesmaeker13's ghost hits you!
You die...

#.# #.# #.# #.#
#.# #.# ####.#
#.#######.# ...#W#
#.......#.#
##.#.#########.#.#
#...........#.#.#
#.#.####......#.#
#.#.# #....###W#
#.#.# #.......@#
###.# #.#..#####
####.# #.#..#
..>#.# #.#..#
##.#.# #.#..#
##.#.# #.#..#
.....# #.#..######
###..# #.#..##<..#
.....# #.#..####.#


You could see Mesmaeker13's ghost.

Vanquished Creatures
  Eustachio (D:4)
  A hound (D:3)
  A jelly (D:4)
  An orc wizard (D:4)
  2 worker ants (D:4)
  4 adders
  An ooze (D:1)
  A worm (D:3)
  3 dart slugs
  4 leopard geckos
  8 orcs (D:4)
  5 giant cockroaches
  9 goblins
  13 hobgoblins
  4 jackals (D:3)
  2 quokkas
  11 bats
  5 frilled lizards
  8 kobolds
  A quokka skeleton (D:4)
  10 rats
  A spectral orc (D:2)
96 creatures vanquished.

Vanquished Creatures (collateral kills)
  An orc priest (D:4)
  Terence (D:3)
  An adder (D:4)
  A worm (D:2)
  A goblin (D:3)
5 creatures vanquished.

Grand Total: 101 creatures vanquished

Notes
Turn   | Place    | Note
-------+----------+-------------------------------------------
     0 | D:1      | Mesmaeker13 the Draconian Transmuter began the quest for the Orb.
     0 | D:1      | Reached XP level 1. HP: 16/16 MP: 3/3
   495 | D:1      | Reached XP level 2. HP: 23/23 MP: 3/5
  1040 | D:1      | Reached XP level 3. HP: 25/28 MP: 4/6
  1683 | D:1      | Learned a level 2 spell: Sticks to Snakes
  1868 | D:2      | Found a basalt altar of Yredelemnul.
  2134 | D:2      | Reached XP level 4. HP: 23/35 MP: 3/7
  2444 | D:2      | Found a snail-covered altar of Cheibriados.
  2446 | D:2      | Found a hide-covered altar of Uskayaw.
  2449 | D:2      | Found a sacrificial altar of Ru.
  2449 | D:2      | Found a deep blue altar of Sif Muna.
  2453 | D:2      | Became a worshipper of Cheibriados the Contemplative
  2558 | D:2      | Reached skill level 4 in Unarmed Combat
  2949 | D:3      | Reached * piety under Cheibriados
  3011 | D:3      | Noticed Terence
  3023 | D:3      | Killed Terence
  3372 | D:3      | Reached XP level 5. HP: 40/40 MP: 8/8
  3820 | D:4      | Noticed Eustachio
  3849 | D:4      | Killed Eustachio
  3849 | D:4      | Reached XP level 6. HP: 36/47 MP: 1/9
  4544 | D:4      | Noticed Mesmaeker13's ghost (amateur DrSk)
  4763 | D:3      | Reached skill level 5 in Unarmed Combat
  4887 | D:4      | Mangled by Mesmaeker13's ghost

Skill      XL: |  1  2  3  4  5  6 |
---------------+-------------------+-----
Dodging        | 2 3 4 |  4.0
Transmutations | 3 4 |  4.4
Unarmed Combat | 4 5 |  5.0
Fighting       | |  1.1
Spellcasting   | |  2.0
Invocations    | |  0.9

Action                   |  1- 3 |  4- 6 || total
-------------------------+-------+-------++-------
Melee: Unarmed           |   124 |   217 ||   341
       Tailslap          |    13 |    26 ||    39
       Kick              |     9 |    22 ||    31
       Headbutt          |     4 |    12 ||    16
       Punch             |     4 |     2 ||     6
 Cast: Beastly Appendage |    22 |    21 ||    43
       Sticks to Snakes  |     2 |    16 ||    18
Invok: Bend Time         |       |     3 ||     3
  Use: Scroll            |       |     4 ||     4
       Potion            |       |     1 ||     1
 Stab: Sleeping          |     2 |     1 ||     3
  Eat: Chunk             |     4 |     8 ||    12
Armor: Skin              |    35 |    88 ||   123
Dodge: Dodged            |    79 |   211 ||   290
